 Dungeon Crawl Stone Soup version 0.30-b1-2-g02819fbbbe (webtiles) character file.

Game seed: 11071334631859826058

32 dorian the Insei (level 3, -11/23 (24) HPs)
             Began as an Octopode Transmuter on May 13, 2023.
             Mangled by Terence
             ... wielding the +7 Throatcutter {drain, coup de grace}
              (19 damage)
             ... on level 2 of the Dungeon.
             The game lasted 00:01:14 (963 turns).

dorian the Insei (Octopode Transmuter)               Turns: 963, Time: 00:01:14

HP:   -11/23 (24)   AC:  1    Str:  9    XL:     3   Next: 25%
MP:   5/6           EV: 13    Int: 15    God:
Gold: 34            SH:  0    Dex: 14    Spells: 5/6 levels left

rFire   . .          .
                       - Unarmed
rCold   . . .        (no shield)
rNeg    . . .        (helmet currently unavailable)
rPois   .            (no amulet)
rElec   .            (no ring)
rCorr   .            (no ring)
SInv    .            (no ring)
Will    .....        (no ring)
Stlth   ++           (no ring)
HPRegen 0.23/turn    (no ring)
MPRegen 0.10/turn    (no ring)
                     (no ring)

%: no passive effects
@: appendages, lightly drained
A: tentacle spike 3, almost no armour, amphibious, 8 rings, camouflage 1,
gelatinous body 1, (nimble swimmer 1), tentacles
a: End Transformation


You were on level 2 of the Dungeon.
One of your tentacles had grown a beastly spike.
You visited 1 branch of the dungeon, and saw 2 of its levels.

You collected 34 gold pieces.

Inventory:

Scrolls
 b - a scroll of fog {unknown}
 d - a scroll of summoning {unknown}
 f - a scroll of identify {unknown}
 g - a scroll of fear {unknown}
 h - a scroll of poison {unknown}
Potions
 a - a potion of lignification
 c - a potion of curing {unknown}
 e - 2 potions of resistance {unknown}
 i - a potion of heal wounds {unknown}


   Skills:
 + Level 1.6 Fighting
 - Level 2.0 Dodging
 * Level 3.7 Unarmed Combat
 - Level 2.0 Spellcasting
 + Level 2.4 Transmutations


You had 5 spell levels left.
You knew the following spells:

 Your Spells              Type           Power      Damage    Failure   Level
a - Beastly Appendage     Tmut           16%        N/A       9%          1

Your spell library contained the following spells:

 Spells                   Type           Power      Damage    Failure   Level
 Wereblood                Tmut           8%         N/A       12%         2
 Apportation              Tloc           2%         N/A       22%         1
 Necrotise                Necr           4%         1d4       22%         1
 Summon Small Mammal      Summ           4%         N/A       22%         1
 Spider Form              Tmut/Pois      5%         N/A       38%         3
 Ice Form                 Ice/Tmut       5%         N/A       80%         4


Dungeon Overview and Level Annotations

Branches:
Dungeon (2/15)

Altars:

Shops:
D:1 (

Annotations:
D:2 Terence


Innate Abilities, Weirdness & Mutations

One of your tentacles has grown a beastly spike.
You cannot wear most types of armour.
You are amphibious.
You can wear up to eight rings at the same time.
Your skin changes colour to match your surroundings (Stealth+).
Your rubbery body absorbs attacks. (AC +1, EV +1)
((You are camouflaged when in or above water. (Stealth+)))
You have tentacles for arms and can constrict up to eight enemies at once.


Message History

Your tentacle spike misses the ball python.
The ball python is heavily wounded.
The ball python bites you but does no damage.
The ball python constricts you.
You tentacle-slap the ball python.
You kill the ball python!
No target in view!
Your tentacle spike disappears.
g - a scroll labelled MOHAAF KEDARA
h - a scroll labelled IZOOTUBR XEFER
Things that are here:
a +0 short sword; 3 stones You see here a bat corpse.
i - a fuming red potion Terence the Incautious comes into view.
He is wielding the +7 Throatcutter {drain, coup de grace} and wearing a +0 ring mail of poison resistance.
Casting: Beastly Appendage (safe; 9% risk of failure)
Confirm with . or Enter, or press ? or * to list all spells.
One of your tentacles grows a vicious spike.
You aren't carrying any items that you can evoke.
Okay, then.
Found a stone staircase leading down.
Terence shouts!
Terence bares his teeth.
You tentacle-slap Terence. You grab Terence.
You pierce Terence.
You tentacle-slap Terence. You squeeze Terence, but do no damage.
Terence is moderately wounded.
You constrict Terence.
Terence hits you with the +7 Throatcutter {drain, coup de grace}!
Ouch! That really hurt!
You feel drained.
You tentacle-slap Terence but do no damage.
You pierce Terence.
Terence is heavily wounded.
You constrict Terence. Terence barely misses you.
You tentacle-slap Terence.
Terence is almost dead.
You constrict Terence, but do no damage.
Terence hits you with the +7 Throatcutter {drain, coup de grace}!!
Ouch! That really hurt!
You die...

#.#................#
#.#.........†......####.
#.#..........)..[.......
#########.....................#
#..........................####
#..........?..................#
#...............#####.........#
#.............#.### #.........#
##.............#@..# ####.#....#
.................@.....#..#......
################.#......$####....
..........# #.##.....# ....
..#######.# #.# ..... .. #.# #.#
#.. ...> #.# #.# #.# ...# #.# #.#
#.. ..# #.# #.#######


You could see Terence.

Vanquished Creatures
  An adder (D:2)
  3 bats
  4 endoplasms
  2 goblins (D:1)
  6 ball pythons
  A frilled lizard (D:1)
  3 kobolds
  A rat (D:1)
21 creatures vanquished.

Notes
Turn   | Place    | Note
-------+----------+-------------------------------------------
     0 | D:1      | dorian the Octopode Transmuter began the quest for the Orb.
     0 | D:1      | Reached XP level 1. HP: 13/13 MP: 3/3
   185 | D:1      | Reached XP level 2. HP: 18/18 MP: 3/5
   471 | D:1      | Found Ehu Ruerph's Weapon Boutique.
   764 | D:2      | Reached XP level 3. HP: 16/23 MP: 4/6
   955 | D:2      | Noticed Terence
   963 | D:2      | Mangled by Terence

Illustrated notes

Levels and vault maps discovered:
D:1:      eino_arrival_druids_welcome, layout_basic, serial_shops, shop,
          st_stairs_7, minmay_misc_feat_four_crosses, minmay_cut_off
D:2:      layout_basic, minmay_unequal, uniq_terence, uniq_natasha

Action                     || total
---------------------------++-------
  Melee: Unarmed           ||    44
         Tentacles         ||     8
         Constrict         ||     9
         Kick              ||     8
         Punch             ||     3
   Cast: Beastly Appendage ||    17
   Stab: Sleeping          ||     4
 Armour: Skin              ||     9
  Dodge: Dodged            ||    26
